 Dungeon Crawl Stone Soup version 0.30.0-19-g36f170ea60 (webtiles) character file.

Game seed: 7147237069427810871

277 Bnni the Digger (level 6, -2/46 HPs)
             Began as a Formicid Earth Elementalist on June 1, 2023.
             Slain by an orc
             ... wielding a +0 flail
              (8 damage)
             ... on level 4 of the Dungeon.
             The game lasted 00:03:56 (3342 turns).

Bnni the Digger (Formicid Earth Elementalist)       Turns: 3342, Time: 00:03:57

Health: -2/46      AC:  6    Str: 12    XL:     6   Next: 50%
Magic:  4/11       EV: 11    Int: 17    God:
Gold:   122        SH:  0    Dex: 14    Spells: 5/11 levels left

rFire   . . .        f - +1 whip (drain)
rCold   . . .        (no shield)
rNeg    . . .        j - +0 leather armour
rPois   .            (helmet unavailable)
rElec   .            e - +1 cloak
rCorr   .            (no gloves)
SInv    +            i - +0 pair of boots
Will    .....        (no amulet)
Stlth   ++           (no ring)
HPRegen 0.27/turn    (no ring)
MPRegen 0.12/turn

%: no passive effects
@: no status effects
A: permanent stasis, dig shafts and tunnels, antennae 3, four strong arms
a: Dig, Shaft Self


You were on level 4 of the Dungeon.
You visited 1 branch of the dungeon, and saw 4 of its levels.

You collected 122 gold pieces.

Inventory:

Hand Weapons
 f - a +1 whip of draining (weapon)
Missiles
 a - 5 atropa-tipped darts
 m - 16 poisoned darts
Armour
 d - a +0 chain mail
 e - a +1 cloak (worn)
 i - a +0 pair of boots (worn)
 j - a +0 leather armour (worn)
 k - a +0 scale mail
Jewellery
 r - a ring of fire
Wands
 s - a wand of paralysis (6)
Scrolls
 g - 2 scrolls of fear {unknown}
 l - 3 scrolls of enchant weapon {unknown}
 n - a scroll of enchant armour
 o - a scroll of immolation {unknown}
 p - a scroll of fog
 q - a scroll of vulnerability {unknown}
Potions
 b - a potion of magic
 c - 6 potions of curing
 h - a potion of might


   Skills:
 + Level 2.7 Fighting
 - Level 1.7 Dodging
 - Level 2.4 Stealth
 + Level 3.4 Spellcasting
 - Level 3.0 Transmutations
 * Level 5.9 Earth Magic


You had 5 spell levels left.
You knew the following spells:

 Your Spells              Type           Power      Damage    Failure   Level
a - Sandblast             Erth           46%        2d11      1%          1
b - Passwall              Tmut/Erth      15%        N/A       5%          2
c - Stone Arrow           Conj/Erth      24%        3d8       19%         3

Your spell library contained the following spells:

 Spells                   Type           Power      Damage    Failure   Level
 Petrify                  Tmut/Erth      18%        N/A       34%         4


Dungeon Overview and Level Annotations

Branches:
Dungeon (4/15)
 Temple: D:4-7

Altars:


Innate Abilities, Weirdness & Mutations

You cannot be hasted, slowed, berserked, paralysed or teleported.
You can dig through walls and to a lower floor.
You have a pair of large antennae on your head. (SInv)
Your four strong arms can wield two-handed weapons with a shield.


Message History

Press: ? - help, Q - select action, (/) - cycle Shift-Dir - straight line, f/p - orc priest
Aim: an orc priest, wielding a +0 dagger and wearing a +0 scale mail (85% to hit)
The blast of sand hits the orc priest.
The orc priest is lightly wounded.
The orc hits you with a +0 hand axe. The orc hits you with a +0 flail!
* * * LOW HITPOINT WARNING * * *
The orc priest closely misses you.
Aiming: Sandblast (safe; 1% risk of failure)
Press: ? - help, Q - select action, (/) - cycle Shift-Dir - straight line, f/p - orc priest
Aim: an orc priest, wielding a +0 dagger and wearing a +0 scale mail (lightly wounded, 85% to hit)
The blast of sand hits the orc priest but does no damage.
The orc priest is lightly wounded.
The orc closely misses you. The orc barely misses you.
The orc priest hits you with a +0 dagger.
* * * LOW HITPOINT WARNING * * *
The orc misses you. The orc priest barely misses you.
The orc barely misses you.
Aiming: Sandblast (safe; 1% risk of failure)
Press: ? - help, Q - select action, (/) - cycle Shift-Dir - straight line, f/p - orc priest
Aim: an orc priest, wielding a +0 dagger and wearing a +0 scale mail (lightly wounded, 85% to hit)
Okay, then.
You feel better. The orc hits you but does no damage.
The orc barely misses you.
The orc priest hits you but does no damage.
Aiming: Sandblast (safe; 1% risk of failure)
Press: ? - help, Q - select action, (/) - cycle Shift-Dir - straight line, f/p - orc priest
Aim: an orc priest, wielding a +0 dagger and wearing a +0 scale mail (lightly wounded, 85% to hit)
The blast of sand hits the orc priest but does no damage.
The orc priest is lightly wounded.
The orc hits you but does no damage. The orc barely misses you.
The orc priest hits you but does no damage.
Aiming: Sandblast (safe; 1% risk of failure)
Press: ? - help, Q - select action, (/) - cycle Shift-Dir - straight line, f/p - orc priest
Aim: an orc priest, wielding a +0 dagger and wearing a +0 scale mail (lightly wounded, 85% to hit)
The blast of sand hits the orc priest but does no damage.
The orc priest is lightly wounded.
The orc hits you with a +0 hand axe.
* * * LOW HITPOINT WARNING * * *
The orc hits you with a +0 flail!
You die...

## ### . ..#
.## #.#.#
....#.#.####
#.(.)oo..##..
#...o@.......
#..##........
# #.##.####
#.# # #.# #.#
..# ###


You could see an orc priest and 2 orcs.

Vanquished Creatures
  The ghost of Yordlord the Magician, an amateur GnHW (D:3)
  2 orc priests
  3 adders
  A worm (D:2)
  A dart slug (D:1)
  6 orcs (D:3)
  3 ball pythons
  4 endoplasms (D:3)
  A giant cockroach (D:1)
  6 goblins
  4 hobgoblins
  3 jackals (D:2)
  3 kobolds
  A quokka (D:3)
  8 bats
  2 frilled lizards (D:3)
  8 rats
57 creatures vanquished.

Notes
Turn   | Place    | Note
-------+----------+-------------------------------------------
     0 | D:1      | Bnni the Formicid Earth Elementalist began the quest for
                  | the Orb.
     0 | D:1      | Reached XP level 1. HP: 13/13 MP: 3/3
   371 | D:1      | Reached XP level 2. HP: 20/20 MP: 3/5
   394 | D:1      | Learned a level 2 spell: Passwall
   577 | D:1      | Reached skill level 4 in Earth Magic
  1272 | D:2      | Reached XP level 3. HP: 25/25 MP: 4/6
  1417 | D:2      | Reached skill level 1 in Fighting
  1740 | D:2      | Reached XP level 4. HP: 32/32 MP: 1/7
  1744 | D:2      | Learned a level 3 spell: Stone Arrow
  1802 | D:2      | Found a faded altar of an unknown god.
  2251 | D:3      | Reached XP level 5. HP: 38/38 MP: 5/9
  2252 | D:3      | Reached skill level 5 in Earth Magic
  2627 | D:3      | Found a runed translucent door.
  2627 | D:3      | Noticed Yordlord's ghost (amateur GnHW)
  3234 | D:3      | Killed Yordlord's ghost
  3235 | D:3      | Reached XP level 6. HP: 28/46 MP: 0/11
  3342 | D:4      | Slain by an orc

Illustrated notes

Levels and vault maps discovered:
D:1:      dpeg_arrival_subterranean_lakeside_camping, layout_basic,
          nrook_mini_backslash
D:2:      layout_loops_cross, hellmonk_ecumenical_altar_zigzags
D:3:      minmay_general_purpose_star, layout_loops_ring, gammafunk_ghost_grave,
          minmay_surrounded
D:4:      layout_loops_ring, mainiacjoe_overflow_surrounded_room,
          mainiacjoe_overflow_catwalk, serial_shops, shop

Skill      XL: |  1  2  3  4  5  6 |
---------------+-------------------+-----
Earth Magic    | 4 5 |  5.9
Fighting       | 1 2 |  2.7
Transmutations | 2 3 |  3.0
Spellcasting   | 3 |  3.4
Dodging        | |  1.7
Stealth        | |  2.4

Action                     |  1- 3 |  4- 6 || total
---------------------------+-------+-------++-------
  Melee: Short sword       |    11 |       ||    11
         Whip              |       |    10 ||    10
   Cast: Sandblast         |    31 |    56 ||    87
Ability: Dig               |       |     1 ||     1
    Use: Scroll            |       |     6 ||     6
         Potion            |       |     1 ||     1
 Armour: Robe              |     3 |       ||     3
         Leather armour    |     3 |    16 ||    19
  Dodge: Dodged            |    15 |    17 ||    32
